 Dungeon Crawl Stone Soup version 0.31-b1-22-gc680215f68 (webtiles) character file.

Game seed: 17572951151211378860

2577 groovy9 the Chopper (level 9, -2/70 HPs)
             Began as a Demonspawn Berserker on Jan 18, 2024.
             Was a Priest of Trog.
             Slain by an orc warrior
             ... wielding a +0 glaive
              (7 damage)
             ... on level 7 of the Dungeon.
             The game lasted 00:21:47 (7131 turns).

groovy9 the Chopper (Demonspawn Berserker)          Turns: 7131, Time: 00:21:47

Health: -2/70      AC: 18    Str: 21    XL:     9   Next: 32%
Magic:  9/9        EV: 14    Int:  9    God:    Trog [***...]
Gold:   103        SH:  0    Dex: 12    Spells: 8/8 levels left

rFire   . . .        v - +0 war axe
rCold   . . .        D - orb {mayhem}
rNeg    . . .        c - +0 plate armour
rPois   .            r - +1 helmet {SInv}
rElec   .            s - +0 cloak
rCorr   .            E - +0 pair of gloves
SInv    +            u - +0 pair of boots
Will    .....        (no amulet) Stlth
                     a - +5 ring of evasion
HPRegen 0.31/turn    (no ring)
MPRegen 0.11/turn

%: mayhem
@: no status effects
A: repulsion field 1, foul stench 2, demonic magic 2
a: Renounce Religion, Berserk, Trog's Hand


You were on level 7 of the Dungeon.
You worshipped Trog.
Trog was most pleased with you.
You visited 2 branches of the dungeon, and saw 8 of its levels.
You also visited: Ossuary.

You collected 283 gold pieces.
You spent 180 gold pieces at shops.

Inventory:

Hand Weapons
 v - a +0 war axe (weapon)
Armour
 c - a +0 plate armour (worn)
 r - a +1 helmet of see invisible (worn)
 s - a +0 cloak (worn)
 u - a +0 pair of boots (worn)
 D - an orb of mayhem (worn)
 E - a +0 pair of gloves (worn)
Jewellery
 a - a +5 ring of evasion (left hand)
Wands
 l - a wand of flame (11)
 A - a wand of mindburst (18)
Scrolls
 e - 4 scrolls of fog
 f - 3 scrolls of revelation
 i - a scroll of vulnerability {unknown}
 j - 3 scrolls of poison
 k - 2 scrolls of amnesia {unknown}
 m - a scroll of enchant armour {unknown}
 n - 4 scrolls of teleportation
 p - a scroll of enchant weapon {unknown}
 q - 2 scrolls of immolation
 y - a scroll of silence {unknown}
 B - a scroll of fear {unknown}
 C - a scroll of acquirement {unknown}
Potions
 b - 5 potions of heal wounds
 d - 3 potions of magic
 g - 4 potions of haste
 h - a potion of brilliance
 o - 13 potions of curing
 t - a potion of lignification
 w - a potion of mutation
 x - a potion of enlightenment {unknown}
 z - a potion of might {unknown}


   Skills:
 + Level 6.3 Fighting
 * Level 7.9 Axes
 + Level 5.4 Armour
 - Level 1.7 Dodging
 + Level 5.0 Shields


You had 8 spell levels left.
You didn't know any spells.
Your spell library was empty.

Dungeon Overview and Level Annotations

Branches:
Dungeon (7/15)             Temple (1/1) D:4         Ossuary (visited)

Altars:
Ashenzari
Cheibriados
Dithmenos
Fedhas
Gozag
Hepliaklqana
Kikubaaqudgha
Makhleb
Nemelex Xobeh
Qazlal
Ru
Sif Muna
Trog
Uskayaw
Vehumet
Wu Jian
Yredelemnul

Shops:
D:1 !   D:2 :   D:5 ?   D:7 [


Innate Abilities, Weirdness & Mutations

You are surrounded by a mild repulsion field. (EV +2)
You sometimes emit foul miasma when damaged in melee.
Spells you cast may paralyse nearby enemies.


Message History

You barely miss the orc. You barely miss the orc wizard. You slash the orc!
You kill the orc!
Trog accepts your kill. The orc hits you but does no damage.
The orc wizard completely misses you.
The orc warrior hits you but does no damage.
You closely miss the orc. You slash the orc wizard!
The orc hits you but does no damage. The orc wizard completely misses you.
The orc warrior misses you.
You hit the orc but do no damage. You miss the orc wizard.
The orc barely misses you.
The orc wizard hits you but does no damage.
The orc warrior misses you.
You closely miss the orc wizard.
The orc wizard is severely wounded.
You closely miss the orc. The orc completely misses you.
The orc wizard barely misses you. The orc warrior closely misses you.
You closely miss the orc wizard.
The orc wizard is severely wounded.
You closely miss the orc. The orc closely misses you.
The orc wizard hits you but does no damage.
The orc warrior barely misses you.
You hit the orc wizard.
You kill the orc wizard!
Trog accepts your kill.
Trog appreciates your killing of a magic user.
The orc warrior flies into a frenzy!
You hit the orc but do no damage. The orc warrior completely misses you.
The orc completely misses you. The orc warrior closely misses you.
You slash the orc!
You kill the orc!
Trog accepts your kill.
The orc warrior hits you from afar with a +0 glaive!!
The orc warrior hits you with a +0 glaive!
* * * LOW HITPOINT WARNING * * *
The orc warrior misses you.
You hit the orc warrior but do no damage.
The orc warrior hits you with a +0 glaive!
* * * LOW HITPOINT WARNING * * *
The orc warrior hits you with a +0 glaive!
You die...

.... #..# #..#.#
#..#.# #?$#.#
#### #..#.# .#
#....#.)#.# .#
##.o@.#.# .#
#...))#.###.#
#...........# ..
#...........###.#
#...............#
#......#....#..##
#.........#.#.##
#.....###..>..#
#......>....###


You could see a neutral orc warrior (fast, strong, frenzied).

Vanquished Creatures
  Grinder (D:3)
  Prince Ribbit (D:5)
  Eustachio (D:5)
  An acid dragon (D:7)
  2 black bears
  4 sky beasts
  An ogre (D:6)
  6 scorpions
  2 bombardier beetles (D:5)
  2 human zombies (Ossuary)
  4 centaur zombies (Ossuary)
  4 hounds
  2 sleepcaps
  2 jellies
  An iguana (D:6)
  4 scorpion zombies (Ossuary)
  2 orc wizards
  3 mummies (Ossuary)
  Robin (D:3)
  3 gnolls (D:5)
  3 adders
  2 shadow imps (D:6)
  4 ufetubi
  3 adder zombies (Ossuary)
  12 dart slugs
  2 ribbon worms
  6 orcs
  4 endoplasms (D:2)
  A giant cockroach (D:2)
  10 goblins
  8 hobgoblins
  2 quokkas
  5 ball pythons
  A ball python zombie (Ossuary)
  5 bats
  2 frilled lizards
  2 jackal zombies (Ossuary)
  4 kobolds
  An orc zombie (Ossuary)
  2 rats
126 creatures vanquished.

Vanquished Creatures (collateral kills)
  A kobold brigand (D:7)
1 creature vanquished.

Vanquished Creatures (others)
  An arcanist (D:3)
1 creature vanquished.

Grand Total: 128 creatures vanquished

Notes
Turn   | Place    | Note
-------+----------+-------------------------------------------
     0 | D:1      | groovy9 the Demonspawn Berserker began the quest for the
                  | Orb.
     0 | D:1      | Reached XP level 1. HP: 18/18 MP: 1/1
   160 | D:1      | Found Piog's Distillery.
  1405 | D:2      | Gained mutation: You may rarely emit foul miasma when
                  | damaged in melee. [demonic ancestry]
  1405 | D:2      | Reached XP level 2. HP: 18/24 MP: 2/2
  1584 | D:2      | Reached skill level 3 in Axes
  1873 | D:2      | Gained mutation: Spells you cast may paralyse adjacent
                  | enemies. [demonic ancestry]
  1873 | D:2      | Reached XP level 3. HP: 29/29 MP: 3/3
  2070 | D:2      | Found Taow's Book Shoppe.
  2182 | D:3      | Reached skill level 1 in Shields
  2349 | D:3      | Noticed Robin
  2356 | D:3      | Killed Robin
  2357 | D:3      | Reached XP level 4. HP: 35/35 MP: 4/4
  2465 | D:3      | Reached ** piety under Trog
  2686 | D:3      | Found a hide-covered altar of Uskayaw.
  2726 | D:3      | Found a bloodstained altar of Trog.
  2731 | D:3      | Noticed a wizard
  2736 | D:3      | Killed a wizard
  2764 | D:3      | Noticed Grinder
  2772 | D:3      | Paralysed by Grinder for 3 turns
  2780 | D:3      | Killed Grinder
  2781 | D:3      | Reached skill level 4 in Axes
  2781 | D:3      | Gained mutation: You are surrounded by a mild repulsion
                  | field. (EV +2) [demonic ancestry]
  2781 | D:3      | Reached XP level 5. HP: 36/42 MP: 5/5
  2781 | D:3      | Gained mutation: Spells you cast may paralyse nearby
                  | enemies. [demonic ancestry]
  2781 | D:3      | Reached XP level 6. HP: 41/48 MP: 6/6
  3363 | D:4      | Found a staircase to the Ecumenical Temple.
  3369 | Temple   | Entered the Ecumenical Temple
  4120 | D:5      | Entered Level 5 of the Dungeon
  4126 | D:5      | Noticed Prince Ribbit
  4137 | D:5      | Killed Prince Ribbit
  4138 | D:5      | Reached skill level 5 in Axes
  4138 | D:5      | Gained mutation: You sometimes emit foul miasma when
                  | damaged in melee. [demonic ancestry]
  4138 | D:5      | Reached XP level 7. HP: 55/55 MP: 7/7
  4283 | D:5      | Found a broken altar of Ashenzari.
  4375 | D:5      | Noticed Eustachio
  4395 | D:5      | Found a sand-covered staircase.
  4399 | D:5      | Killed Eustachio
  4412 | Ossuary  | Entered an ossuary
  4611 | Ossuary  | Reached skill level 5 in Fighting
  4619 | Ossuary  | Reached skill level 6 in Axes
  4661 | Ossuary  | Reached XP level 8. HP: 53/62 MP: 8/8
  5223 | D:5      | Found a blossoming altar of Fedhas.
  5391 | D:5      | Found a sparkling altar of Nemelex Xobeh.
  5459 | D:5      | Found Zecaq's Magic Scroll Shoppe.
  5465 | D:5      | Bought a scroll of identify for 26 gold pieces
  5465 | D:5      | Bought a scroll of identify for 26 gold pieces
  5465 | D:5      | Bought a scroll of identify for 26 gold pieces
  5465 | D:5      | Bought a scroll of teleportation for 39 gold pieces
  5878 | D:6      | Reached skill level 7 in Axes
  6154 | D:6      | Reached skill level 5 in Armour
  6290 | D:6      | Reached XP level 9. HP: 67/69 MP: 9/9
  6391 | D:6      | Reached *** piety under Trog
  6869 | D:7      | Found Biafud's Armour Emporium.
  6872 | D:7      | Bought a +0 pair of gloves for 63 gold pieces
  7055 | D:7      | Reached skill level 5 in Shields
  7131 | D:7      | Slain by an orc warrior

Illustrated notes

Levels and vault maps discovered:
D:1:      minmay_arrival_floating_metal, layout_basic, serial_shops,
          nicolae_shop_trees, chequers_serial_rivers_large_b
D:2:      layout_loops_corners, serial_shops, nicolae_lakefront_shop
D:3:      kennysheep_slugbush, layout_loops_ring, trog_wizard,
          eat_drink_and_be_merry_uskayaw, uniq_grinder, uniq_robin
D:4:      layout_loops_ring, minmay_temple_entry_nine_rooms, due_unseen_surprise
D:5:      layout_loops_ring, nemelex_xobeh_ov_fountains_minmay,
          nicolae_ashenzari_skybound, fedhas_altar_2, serial_shops,
          nicolae_shop_temple_entry_statues_fountains,
          nicolae_ossuary_entry_ruins, uniq_prince_ribbit1, uniq_eustachio
D:6:      layout_basic, chequers_serial_rivers_micro_c
D:7:      layout_basic, serial_shops, shop
Temple:   bh_familiar_temple

Skill      XL: |  1  2  3  4  5  6  7  8  9 |
---------------+----------------------------+-----
Armour         | 2 3 4 5 |  5.4
Axes           | 3 4 5 6 7 |  7.9
Shields        | 1 2 3 4 5 |  5.0
Fighting       | 4 5 6 |  6.3
Dodging        | |  1.7

Action                     |  1- 3 |  4- 6 |  7- 9 || total
---------------------------+-------+-------+-------++-------
  Melee: Hand axe          |   100 |   105 |       ||   205
         Punch             |       |     2 |     4 ||     6
         War axe           |       |     9 |   301 ||   310
 Invoke: Berserk           |     2 |     2 |     7 ||    11
         Trog's Hand       |       |       |     1 ||     1
    Use: Scroll            |       |       |    12 ||    12
   Stab: Distracted        |       |       |     2 ||     2
 Armour: Plate armour      |    69 |    97 |   296 ||   462
         Scale mail        |    10 |       |       ||    10
         Animal skin       |     4 |       |       ||     4
  Dodge: Dodged            |    32 |    32 |   277 ||   341
